 Dungeon Crawl Stone Soup version 0.28-a0-1447-ga5a8893891 (webtiles) character file.

Game seed: 11452460694308581630

32 cheechan the Chucker (level 3, 24/24 HPs)
             Began as an Octopode Hunter on Jan 10, 2022.
             Quit the game on level 2 of the Dungeon.
             The game lasted 00:07:14 (1345 turns).

cheechan the Chucker (Octopode Hunter)              Turns: 1345, Time: 00:07:15

Health: 24/24      AC:  1    Str:  9    XL:     3   Next: 27%
Magic:  3/3        EV: 13    Int: 13    God:
Gold:   59         SH:  0    Dex: 14    Spells: 1/2 levels left

rFire   . . .      SeeInvis .   a - +0 short sword
rCold   . . .      Faith    .   (no shield)
rNeg    . . .      Spirit   .   (helmet restricted)
rPois   .          Reflect  .   (no amulet)
rElec   .          Harm     .   (no ring)
rCorr   .          Rampage  .   (no ring)
Will    .....                   (no ring)
Stlth   +++.......              (no ring)
HPRegen 0.08/turn               (no ring)
MPRegen 0.08/turn               (no ring)
                                (no ring)
                                (no ring)

@: no status effects
A: almost no armour, amphibious, 8 rings, camouflage 1, gelatinous body 1,
(nimble swimmer 1), tentacles, mutation resistance 1, weak 1
a: no special abilities


You were on level 2 of the Dungeon.
You visited 1 branch of the dungeon, and saw 2 of its levels.

You collected 59 gold pieces.

Inventory:

Hand Weapons
 a - a +0 short sword (weapon)
Missiles
 b - 5 javelins (quivered)
 c - a throwing net
 f - 14 poisoned darts
Potions
 d - a potion of lignification
 g - a potion of brilliance


   Skills:
 + Level 2.0 Fighting
 + Level 0.1 Short Blades
 + Level 4.8 Throwing
 + Level 2.1 Dodging
 + Level 1.9 Stealth
 + Level 0.2 Spellcasting


You had one spell level left.
You knew the following spells:

 Your Spells              Type           Power      Damage    Failure   Level
a - Animate Skeleton      Necr           0%         N/A       30%         1

Your spell library contained the following spells:

 Spells                   Type           Power      Damage    Failure   Level
 Pain                     Necr           0%         1d4       30%         1
 Corpse Rot               Necr/Air       0%         N/A       43%         2
 Tukima's Dance           Hex            0%         N/A       67%         3
 Anguish                  Hex/Necr       0%         N/A       97%         4
 Agony                    Necr           0%         N/A       100%        5
 Enfeeble                 Hex            0%         N/A       100%        7


Dungeon Overview and Level Annotations

Branches:
Dungeon (2/15)

Altars:
Kikubaaqudgha


Innate Abilities, Weirdness & Mutations

You cannot wear most types of armour.
You are amphibious.
You can wear up to eight rings at the same time.
Your skin changes colour to match your surroundings (Stealth+).
Your rubbery body absorbs attacks. (AC +1, EV +1)
((You are camouflaged when in or above water. (Stealth+)))
You have tentacles for arms and can constrict up to eight enemies at once.
You are somewhat resistant to further mutation.
You are weak. (Str -2)


Message History

Things that are here:
a +0 dagger; a goblin corpse
There is a stone staircase leading down here.
i - a scroll labelled ZIQOEC JAGOR Really renounce your faith, foregoing its fabulous benefits?
Are you sure?
You have lost your religion!
Kikubaaqudgha does not appreciate desertion!
You sense decay.
You now have 59 gold pieces (gained 10).
Things that are here:
a +0 dagger; a goblin skeleton
There is a stone staircase leading down here.
A goblin comes into view. It is wielding a +0 club.
The helpless goblin fails to defend itself.
You hit the goblin.
You kill the goblin!
You see here a +0 club.
Casting: Animate Skeleton (safe; 30% risk of failure)
Confirm with . or Enter, or press ? or * to list all spells.
There is nothing nearby to animate!
You see here a +0 club.
Sorry, you're not good enough to have a special ability.
Found a scroll labelled VYULEM EPHITIWE.
e - 3 scrolls labelled VYULEM EPHITIWE (gained 1)
Okay, then.
As you read the scroll labelled VYULEM EPHITIWE, it crumbles to dust.
It is a scroll of identify.
d - a potion of lignification
As you read the scroll of identify, it crumbles to dust.
g - a potion of brilliance
As you read the scroll of identify, it crumbles to dust.
h - a potion of mutation
As you read the scroll labelled ZIQOEC JAGOR, it crumbles to dust.
You hear a loud clanging noise!
It was a scroll of noise.
Really quaff the potion of mutation?
You feel extremely strange.
You feel weaker.
You feel genetically stable.
Are you sure you want to abandon this character and quit the game? (Confirm with "yes".)

###..##################.#.#.#
.8.).# ##♣#♣#♣#♣#.# ....##
#..........# ._.8# ###.♣#♣.♣#♣..#
....## #####........#.#.# # ♣
....Z# #...#.####♣.♣#.#.##♣P♣
###..## #...#.# #.#.#.#...♣P. #
###'# #...#.# #. .#.####♣PP .#
#..# #...#@########......♣♣ .#
#.## #...#................. .#
#.# ##...#################. .#
#.######.....#### #.
.###.......♣.♣.....#############.
.........♣.....♣.................
...##.###..........#############.
#..##.# ♣..♣.♣..♣..# #. .#.##.#
#..........# ##


There were no monsters in sight!

Vanquished Creatures
  A dart slug (D:1)
  2 ball pythons
  6 endoplasms
  4 hobgoblins
  A quokka (D:1)
  2 bats (D:1)
  A frilled lizard (D:1)
  4 goblins
  4 kobolds (D:1)
  3 rats
28 creatures vanquished.

Vanquished Creatures (others)
  A plant (D:2)
1 creature vanquished.

Grand Total: 29 creatures vanquished

Notes
Turn   | Place    | Note
-------+----------+-------------------------------------------
     0 | D:1      | cheechan the Octopode Hunter began the quest for the Orb.
     0 | D:1      | Reached XP level 1. HP: 14/14 MP: 1/1
   121 | D:1      | Reached XP level 2. HP: 9/19 MP: 2/2
   663 | D:1      | Reached XP level 3. HP: 17/24 MP: 3/3
   811 | D:2      | Found a faded altar of an unknown god.
   818 | D:2      | Prayed at the altar of an unknown god.
   818 | D:2      | Became a worshipper of Kikubaaqudgha
   818 | D:2      | Reached * piety under Kikubaaqudgha
   818 | D:2      | Received a gift from Kikubaaqudgha
   825 | D:2      | Learned a level 1 spell: Animate Skeleton
  1149 | D:2      | Fell from the grace of Kikubaaqudgha
  1322 | D:2      | Gained mutation: You are weak. (Str -2) [potion of
                  | mutation]
  1322 | D:2      | Gained mutation: You are somewhat resistant to further
                  | mutation. [potion of mutation]
  1345 | D:2      | Quit the game

Illustrated notes

Levels and vault maps discovered:
D:1:      minmay_arrival_wavy_path, layout_loops_cross, minmay_bisected
D:2:      cheibrodos_old_hovel, layout_basic, serial_forest,
          infiniplex_forest_straight_3, infiniplex_forest_lined_room_3,
          infiniplex_forest_lined_2, infiniplex_forest_lined_ring,
          infiniplex_forest_corner_2, infiniplex_forest_end_1,
          infiniplex_forest_lined_3_way, infiniplex_forest_lined_4_way,
          hellmonk_ecumenical_altar_slurped_away, minmay_3d_cube

Action                   || total
-------------------------++-------
Melee: Short sword       ||    25
       Constrict         ||     4
       Tentacles         ||     2
Throw: Javelin           ||    21
       Throwing net      ||     1
 Cast: Animate Skeleton  ||     5
Invok: Receive Corpses   ||     2
       Renounce Religion ||     1
  Use: Scroll            ||     4
       Potion            ||     1
 Stab: Sleeping          ||     5
Armor: Skin              ||     3
Dodge: Dodged            ||    18

Table legend: (Time is in decaauts)
 A = Elapsed time spent in this place.
 B = Non-inter-level travel time spent in this place.
 C = Inter-level travel time spent in this place.
 D = Time resting spent in this place.
 E = Time spent auto-exploring this place.
 F = Levels seen in this place.
 G = Mean time per level.
                   A        B        C        D        E       F      G
               +--------+--------+--------+--------+--------+-----+--------+
         Total |   1353 |   1353 |      0 |      0 |      0 |   2 |  676.5 |
       Dungeon |   1353 |   1353 |      0 |      0 |      0 |   2 |  676.5 |
               +--------+--------+--------+--------+--------+-----+--------+

Top non-repeatable levels by time:
     D:1: 817 daAuts
     D:2: 535 daAuts
